 Dungeon Crawl Stone Soup version 0.32-a0-401-g0bcb2a7693 (webtiles) character file.

Game seed: 446399833427362637

1550464 EnegeticOcto the Oni Barricade (level 27, 410/410 (419) HPs)
             Began as an Oni Cinder Acolyte on Feb 20, 2024.
             Was a High Priest of Ignis.
             Escaped with the Orb
             ... and 3 runes!
             The game lasted 02:33:34 (82504 turns).

EnegeticOcto the Oni Barricade (OnCA)              Turns: 82504, Time: 02:33:35

HP:   410/410 (419) AC: 31    Str: 23    XL:     27
MP:   24/24         EV: 21    Int: 21    God:    Ignis [*****.]
Gold: 3070          SH: 33    Dex: 15    Spells: 15/28 levels left

rFire   + + .        a - +8 eveningstar (vamp)
rCold   + . .        S - +8 tower shield
rNeg    + . .        U - melded +0 troll leather armour
rPois   ∞            j - +3 crown of Dyrovepreva {rElec Int+2 SInv}
rElec   +            E - scarf {rC+ rF+}
rCorr   .            (gloves unavailable)
SInv    +            (boots unavailable)
Will    +++..        x - amulet of regeneration
Stlth   ++           s - +5 ring of evasion
HPRegen 1.68/turn    p - ring of willpower
MPRegen 0.19/turn

%: clarity
@: statue-form, studying 2 skills, lightly drained, very slow
A: slow and powerful, torment resistance 1, boosted hp, large, unfitting armour,
horns 1, (tough skin 1), double potion healing, drunken brawling, thin skeletal
structure 1, clarity, clever 1, deformed body, deterioration 2, weak 1, wild
magic 1, inability to read after injury 1
0: Orb of Zot
}: 3/15 runes: barnacled, silver, gossamer
a: Begin Untransformation, Renounce Religion, Fiery Armour, Foxfire Swarm


You escaped.
You worshipped Ignis.
Ignis was extremely pleased with you.
You were a living statue of rough stone.
You visited 10 branches of the dungeon, and saw 50 of its levels.
You also visited: Ossuary, Gauntlet and Volcano.

You collected 8562 gold pieces.
You spent 5492 gold pieces at shops.

Inventory:

Hand Weapons
 a - a +8 vampiric eveningstar (weapon)
   (You subdued it on level 2 of the Elven Halls)
 b - a +0 morningstar of holy wrath
   (You took it off a war gargoyle on level 4 of the Vaults)
Missiles
 n - 23 javelins
 v - 15 boomerangs
 B - 22 curare-tipped darts
 I - 2 throwing nets {!f}
 N - 5 silver javelins
 O - 138 large rocks (quivered)
Armour
 j - the +3 crown of Dyrovepreva (worn) {rElec Int+2 SInv}
   (You found it on level 5 of the Vaults)

   Int+2:     It affects your intelligence (+2).
   rElec:     It insulates you from electricity.
   SInv:      It lets you see invisible.
 E - a scarf of resistance (worn)
   (You found it on level 2 of the Depths)
 S - a +8 tower shield (worn)
   (You found it on level 9 of the Dungeon)
 U - a +0 troll leather armour (melded)
   (You found it on level 10 of the Dungeon)
Jewellery
 p - a ring of willpower (right fist)
   (You bought it in a shop on level 2 of the Orcish Mines)
 s - a +5 ring of evasion (left fist)
   (You found it on level 4 of the Spider Nest)
 x - an amulet of regeneration (around neck)
   (You found it in an ossuary)
Talismans
 R - a granite talisman (active)
   (You took it off Roxanne on level 2 of the Elven Halls)
Wands
 k - a wand of mindburst (37)
   (You found it on level 2 of the Spider Nest)
 t - a wand of iceblast (49) {@v2}
   (You found it on level 4 of the Dungeon)
 y - a wand of paralysis (37)
   (You found it on level 12 of the Dungeon)
 K - a wand of digging (18) {@v3}
   (You found it on level 3 of the Vaults)
 T - a wand of polymorph (37)
   (You found it on level 10 of the Dungeon)
 X - a wand of light (7) {@v1}
   (You found it on level 1 of the Lair of Beasts)
Scrolls
 f - a scroll of revelation {@r5 !r}
 h - 2 scrolls of butterflies {!r}
 i - 24 scrolls of teleportation {@r3 !r}
 l - 4 scrolls of fear {!r}
 m - 3 scrolls of blinking {@r4}
 u - 7 scrolls of poison {!r}
 A - 3 scrolls of silence {!r}
 D - 7 scrolls of vulnerability
 G - 8 scrolls of immolation
 H - 5 scrolls of torment
 Q - a scroll of fog {!r}
 V - 5 scrolls of enchant armour
Potions
 c - 17 potions of curing {@q1 !q}
 e - 3 potions of cancellation
 g - 10 potions of ambrosia
 o - 2 potions of berserk rage
 q - 8 potions of lignification {@q6}
 r - 4 potions of might {@q3 !q}
 w - 5 potions of haste {@q4 !q}
 z - 5 potions of invisibility
 C - 3 potions of enlightenment
 F - 4 potions of resistance
 P - 2 potions of attraction
 W - 15 potions of heal wounds {@q2 !q}
 Y - 12 potions of mutation
Miscellaneous
 d - a lightning rod (4/4)
   (You found it on level 7 of the Dungeon)
 J - a phial of floods
   (You found it on level 12 of the Dungeon)
 L - a phantom mirror
   (You found it on level 4 of the Vaults)
 M - a tin of tremorstones (2/2)
   (You found it on level 7 of the Dungeon)
 Z - a box of beasts
   (You found it on level 5 of the Vaults)


   Skills:
 O Level 27 Fighting
 - Level 2.2(11.1) Axes
 - Level 16.6(16.7) Maces & Flails
 - Level 10.0 Throwing
 - Level 4.0 Armour
 + Level 12.5 Dodging
 - Level 4.0 Stealth
 O Level 27 Shields
 - Level 1.2 Spellcasting
 - Level 6.0 Translocations
 - Level 2.6 Fire Magic
 - Level 6.0 Air Magic
 + Level 10.6 Evocations
 + Level 17.5 Shapeshifting


You had 15 spell levels left.
You knew the following spells:

 Your Spells              Type           Power      Damage    Failure   Level
a - Apportation           Tloc           68%        N/A       2%          1
b - Scorch                Fire           32%        2d6       13%         2
c - Ozocubu's Armour      Ice            1%         N/A       52%         3
d - Vhi's Electric Charg  Tloc/Air       68%        N/A       21%         4
p - Passwall              Erth           1%         N/A       52%         3

Your spell library contained the following spells:

 Spells                   Type           Power      Damage    Failure   Level
 Lesser Beckoning         Tloc           68%        N/A       3%          2
 Gell's Gravitas          Tloc           34%        N/A       7%          3
 Swiftness                Air            34%        N/A       7%          3
 Teleport Other           Tloc           34%        N/A       7%          3
 Shock                    Conj/Air       72%        1d7       8%          1
 Mercury Vapours          Alch/Air       36%        N/A       11%         2
 Momentum Strike          Conj/Tloc      36%        3d9       11%         2
 Volatile Blastmotes      Fire/Tloc      50%        2d14      13%         3
 Foxfire                  Conj/Fire      32%        2x1d5     14%         1
 Airstrike                Air            17%        2d(3-19)  21%         4
 Passage of Golubria      Tloc           34%        N/A       21%         4
 Freeze                   Ice            4%         1d3       22%         1
 Kiss of Death            Conj/Necr      4%         2d5       22%         1
 Slow                     Hex            4%         N/A       22%         1
 Summon Small Mammal      Summ           4%         N/A       22%         1
 Mephitic Cloud           Conj/Alch/Air  12%        N/A       30%         3
 Ensorcelled Hibernation  Hex/Ice        2%         N/A       32%         2
 Jinxbite                 Hex            2%         N/A       32%         2
 Inner Flame              Hex/Fire       8%         N/A       36%         3
 Call Canine Familiar     Summ           1%         N/A       52%         3
 Confusing Touch          Hex            1%         N/A       52%         3
 Dazzling Flash           Conj/Hex       2%         N/A       52%         3
 Frozen Ramparts          Ice            2%         1d1       52%         3
 Fugue of the Fallen      Necr           1%         N/A       52%         3
 Hailstorm                Conj/Ice       1%         3d5       52%         3
 Sigil of Binding         Hex            1%         N/A       52%         3
 Stone Arrow              Conj/Erth      2%         3d7       52%         3
 Summon Ice Beast         Ice/Summ       1%         N/A       52%         3
 Tukima's Dance           Hex            1%         N/A       52%         3
 Vampiric Draining        Necr           1%         2d6       52%         3
 Dimensional Bullseye     Hex/Tloc       9%         N/A       52%         4
 Iskenderun's Mystic Bla  Conj/Tloc      18%        2d6       52%         4
 Summon Lightning Spire   Summ/Air       18%        N/A       52%         4
 Summon Blazeheart Golem  Fire/Summ      8%         N/A       75%         4
 Arcjolt                  Conj/Air       9%         1d19      85%         5
 Summon Forest            Summ/Tloc      9%         N/A       85%         5
 Anguish                  Hex/Necr       0%         N/A       89%         4
 Animate Armour           Summ/Erth      2%         N/A       89%         4
 Animate Dead             Necr           1%         N/A       89%         4
 Cause Fear               Hex            0%         N/A       89%         4
 Dispel Undead            Necr           1%         3d6       89%         4
 Petrify                  Alch/Erth      1%         N/A       89%         4
 Freezing Cloud           Conj/Ice/Air   6%         6-21      93%         5
 Fireball                 Conj/Fire      4%         3d4       97%         5
 Alistair's Intoxication  Alch           0%         N/A       99%         5
 Irradiate                Conj/Alch      0%         3d11      99%         5
 Iskenderun's Battlesphe  Conj           1%         2d6       99%         5
 Metabolic Englaciation   Hex/Ice        0%         N/A       99%         5
 Summon Mana Viper        Hex/Summ       1%         N/A       99%         5
 Yara's Violent Unravell  Hex/Alch       0%         3d3       99%         5
 Plasma Beam              Fire/Air       12%        2x1d23    99%         6
 Bombard                  Conj/Erth      0%         9d1       100%        6
 Eringya's Noxious Bog    Alch           0%         4d6       100%        6
 Sculpt Simulacrum        Ice/Alch       0%         N/A       100%        6
 Starburst                Conj/Fire      4%         6d3       100%        6
 Summon Cactus Giant      Summ           0%         N/A       100%        6
 Haunt                    Necr/Summ      0%         N/A       100%        7
 Malign Gateway           Summ/Tloc      9%         N/A       100%        7
 Ozocubu's Refrigeration  Ice            0%         4d7       100%        7
 Spellforged Servitor     Conj/Summ      0%         N/A       100%        7
 Summon Hydra             Summ           0%         N/A       100%        7
 Borgnjor's Revivificati  Necr           0%         N/A       100%        8
 Ignition                 Fire           8%         3d5       100%        8
 Infestation              Necr           0%         N/A       100%        8
 Lehudib's Crystal Spear  Conj/Erth      0%         10d2      100%        8
 Maxwell's Capacitive Co  Air            17%        ∞         100%        8
 Death's Door             Necr           0%         N/A       100%        9
 Dragon's Call            Summ           0%         N/A       100%        9
 Polar Vortex             Ice            0%         N/A       100%        9


Dungeon Overview and Level Annotations

Branches:
Dungeon (15/15)            Temple (0/1) D:7            Lair (5/5) D:9
 Shoals (4/4) Lair:3       Spider (4/4) Lair:3        Slime (0/5) Lair:4
    Orc (2/2) D:11            Elf (3/3) Orc:2        Vaults (5/5) D:13
  Crypt (3/3) Vaults:2       Tomb (0/3) Crypt:3      Depths (4/4) D:15
    Zot (5/5) Depths:4    Ossuary (visited)         Volcano (visited)
Gauntlet (visited)

Altars:
Dithmenos
Elyvilon
Fedhas
Gozag
Kikubaaqudgha
Nemelex Xobeh
Trog
Uskayaw
Vehumet
Wu Jian
Yredelemnul
The Shining One
Beogh

Shops:
D:3 (*[(?   D:4 (   D:12 (   D:13 *((:*   Orc:2 *=[:   Elf:1 !*?*   Elf:2 (
Elf:3 (   Shoals:1 ?([   Shoals:3 !   Vaults:3 (   Depths:1 (![

Portals:
Hell: Depths:1 Depths:2 Depths:3 Depths:4
Abyss: Depths:3
Pandemonium: Depths:1 Depths:2
Ziggurat: Depths:4

Annotations:
Lair:5 exclusions: door and obsidian statue
Spider:1 2 runed translucent doors, exclusion: 2 doors, Imajumem's ghost, adept KoDe
Depths:3 exclusion: 2 obsidian statues
Depths:4 exclusion: hell knight


Innate Abilities, Weirdness & Mutations

You are a living statue of rough stone.
Your actions are slow, but your melee attacks are powerful.
You are resistant to unholy torment.
Your maximum health is greatly increased.
Your equipment is partially melded.
You are too large for most types of armour.
You are immune to poison.
You have a pair of small horns on your head.
((You have tough skin. (AC +1)))
You gain doubled healing and magic from potions.
Whenever you drink a healing potion, you attack all around you.
You have a somewhat thin skeletal structure. (Dex +2, Stealth+)
You possess an exceptional clarity of mind.
Your mind is acute. (Int +4, Str/Dex -1)
Armour fits poorly on your strangely shaped body.
Your body often deteriorates upon taking damage.
You are weak. (Str -2)
Your spells are a little harder to cast, but a little more powerful.
You occasionally lose the ability to read scrolls when taking damage.


Message History

The blast of lightning engulfs the ball lightning.
The ball lightning completely resists.
The blast of lightning engulfs the ball lightning.
The ball lightning completely resists.
The blast of lightning engulfs the ball lightning.
The ball lightning completely resists.
The blizzard demon gestures at you. The bolt of cold hits you! You resist.
The ball lightning explodes!
The blast of lightning engulfs the blizzard demon.
The blizzard demon completely resists.
The blast of lightning engulfs you. You resist.
The ball lightning explodes!
The blast of lightning engulfs the blizzard demon.
The blizzard demon completely resists.
The blast of lightning engulfs the ball lightning.
The ball lightning completely resists.
The blast of lightning engulfs the ball lightning.
The ball lightning completely resists.
The blast of lightning engulfs the ball lightning.
The ball lightning completely resists.
The blast of lightning engulfs the ball lightning.
The ball lightning completely resists.
The blast of lightning engulfs you! You resist.
The ball lightning explodes!
The blast of lightning engulfs the blizzard demon.
The blizzard demon completely resists.
The blast of lightning engulfs the ball lightning.
The ball lightning completely resists.
The ball lightning explodes!
The blast of lightning engulfs the blizzard demon.
The blizzard demon completely resists.
The blast of lightning engulfs the ball lightning.
The ball lightning completely resists.
The ball lightning explodes!
The blast of lightning engulfs the blizzard demon.
The blizzard demon completely resists.
The blast of lightning engulfs the ball lightning.
The ball lightning completely resists.
The blizzard demon gestures at you.
The freezing blast engulfs you but does no damage.
You are engulfed in freezing vapours.
You resist.
The ball lightning explodes!
The blast of lightning engulfs the blizzard demon.
The blizzard demon completely resists.
The blast of lightning engulfs you. You resist.
The blizzard demon waves its arms in wide circles.
The air twists around and strikes you!
There is a stone staircase leading up here.
The blizzard demon gestures at you. The freezing blast misses you.
You climb upwards.
There is a stone staircase leading down here.
(D) Dungeon (T) Temple (L) Lair (A) Shoals (N) Spider Nest (M) Slime Pits (O) Orcish Mines (E) Elven Halls (V) Vaults (C) Crypt (W) Tomb (U) Depths (H) Hell (Z) Zot
Where to? (Tab/Enter - D:1 @ (x,y), ? - help)
Your extra speed is starting to run out.
You feel yourself slow down.
A shadow demon comes into view.
You impale the shadow demon!! You headbutt the shadow demon.
The shadow demon is heavily wounded.
You completely miss the shadow demon.
The shadow demon is heavily wounded.
You block the shadow demon's attack.
You miss the shadow demon. You headbutt the shadow demon.
The shadow demon is heavily wounded.
You block the shadow demon's attack.
You closely miss the shadow demon. You headbutt the shadow demon.
The shadow demon is heavily wounded.
The shadow demon barely misses you.
You hit the shadow demon but do no damage.
You headbutt the shadow demon, but do no damage.
The shadow demon is heavily wounded.
You block the shadow demon's attack.
You completely miss the shadow demon.
The shadow demon is heavily wounded.
You block the shadow demon's attack.
You bludgeon the shadow demon!!
You kill the shadow demon!
No target in view!
(D) Dungeon (T) Temple (L) Lair (A) Shoals (N) Spider Nest (M) Slime Pits (O) Orcish Mines (E) Elven Halls (V) Vaults (C) Crypt (W) Tomb (U) Depths (H) Hell (Z) Zot
Where to? (Tab/Enter - D:1 @ (x,y), ? - help)
There is a stone staircase leading up here.
You climb upwards.
There is a stone staircase leading down here.
HP restored.
There is an open door here.
There is a stone staircase leading up here.
You climb upwards.
There is a stone staircase leading down here.
There is an escape hatch in the floor here.
There is a staircase leading out of the dungeon here.
You begin to rise into the air.
With a burst of heat and light, you rocket upward!
You have escaped!

###.#......##.....#######.....##
#.#.........................##
#.#.....##..##>#.#..##...#+###
#.#.........###.##..†.......##
#.#.....##.## #####.##........
#.#.....>### ###>........
#.#.....##.##### ##.##........
#.#..)......##.###............
#.....#.##..#I#>##..##........
#.....#.................######
#.......######..###.......####
#.......+#####..÷.............
#............#...........#....
#.....#......#...........##...
#.#...........................
#.#....#'#....########+#......
#.#....#.##..................#


There were no monsters in sight!

Vanquished Creatures
  4 orbs of fire
  2 dread liches
  5 ancient liches
  Xtahua (Crypt:1)
  Boris (4 times) (Vaults:3 Depths:3 Crypt:2 Vaults:5)
  Margery (Vaults:2)
  2 Killer Klowns (Zot:5)
  A curse toe (Zot:1)
  5 golden dragons
  3 bone dragons
  3 doom hounds (Crypt:1)
  A Tzitzimitl (D:6)
  2 electric golems (Zot:5)
  6 tentacled monstrosities
  A hellephant (Vaults:2)
  Mlioglotl (Shoals:4)
  5 liches
  A walking crystal tome (Depths:2)
  A shard shrike skeleton (Crypt:3)
  2 titans (Vaults:5)
  26 Orb Guardians
  8 sphinxes
  Grunn (Crypt:1)
  A walking frostbound tome (Depths:2)
  2 deep elf master archers (Elf:3)
  5 quicksilver dragons
  3 deep elf blademasters
  An acid blob (Zot:2)
  Frances (Spider:1)
  Polyphemus (Shoals:4)
  3 death cobs
  Gastronok (D:8)
  Agnes (Elf:2)
  9 shadow dragons
  Roxanne (Elf:2)
  11 ancient champions
  9 storm dragons
  9 fire giants
  7 tengu reavers
  A protean progenitor (Zot:1)
  4 draconian knights
  A sphinx (shapeshifter) (Depths:3)
  2 revenants
  5 draconian monks
  An iron dragon (Depths:2)
  8 deep elf sorcerers
  3 draconian scorchers
  7 ghost moths
  9 frost giants
  4 emperor scorpions
  3 draconian shifters
  24 vault wardens
  A caustic shrike zombie (Crypt:1)
  A storm dragon (shapeshifter) (Depths:3)
  A spriggan defender (Depths:2)
  2 deep elf elementalists (Elf:3)
  2 curse skulls
  2 draconian annihilators
  19 very ugly things
  2 draconian stormcallers
  An orc warlord (Vaults:1)
  22 ironbound preservers
  2 azure jellies (shapeshifter) (Depths:3)
  10 ghouls
  2 formless jellyfish (Vaults:4)
  5 vampire knights
  A caustic shrike skeleton (Crypt:3)
  A cacodemon (Zot:3)
  A juggernaut skeleton (Crypt:3)
  A rockslime zombie (Crypt:2)
  7 ironbound thunderhulks
  A broodmother (Spider:3)
  21 stone giants
  14 deep elf demonologists
  5 green draconians
  3 black draconians
  2 lorocyprocas (Zot:2)
  8 yellow draconians
  4 purple draconians
  8 deep elf annihilators
  8 red draconians
  10 dire elephants
  A minotaur (Gauntlet)
  8 war gargoyles
  8 deep elf death magi
  4 white draconians
  15 spark wasps
  A blizzard demon (Depths:3)
  4 merfolk javelineers (Shoals:4)
  An eidolon (Crypt:1)
  10 ettins
  7 entropy weavers
  6 jiangshi
  An entropy weaver (shapeshifter) (D:15)
  5 deep elf high priests
  9 fire dragons
  6 merfolk impalers
  6 great orbs of eyes
  33 vault guards
  15 yaktaur captains
  4 peacekeepers
  5 spriggan air magi
  2 rakshasas
  Fannar (D:11)
  2 alligator snapping turtles
  8 ironbound frosthearts
  3 ogre magi
  7 ice dragons
  A hell beast (Zot:2)
  4 jorogumos
  6 merfolk avatars
  7 hydras
  12 centaur warriors
  2 spriggan skeletons
  3 radroaches
  3 catoblepae
  11 merfolk aquamancers
  A death knight (Crypt:1)
  4 deep troll shamans
  9 boulder beetles
  43 dancing weapons
  11 two-headed ogres
  5 vampire magi
  5 satyrs
  2 occultists
  7 tengu warriors
  9 demonic crawlers
  5 orc high priests
  8 death yaks
  5 deep troll earth magi
  3 spriggan berserkers
  A sun demon (Depths:4)
  15 deep elf knights
  A shock serpent (shapeshifter) (Vaults:5)
  3 soul eaters
  A wretched star (Gauntlet)
  4 hell knights
  2 titan skeletons
  9 pharaoh ants
  5 skysharks
  2 salamander mystics
  7 iron trolls
  A skyshark (shapeshifter) (Vaults:5)
  61 skeletal warriors
  3 sixfirhies (Gauntlet)
  5 shadow wraiths
  A mana viper (shapeshifter) (Depths:2)
  An iron giant zombie (Crypt:3)
  7 orb spiders
  A shadow demon (D:3)
  7 arcanists
  A glowing orange brain (shapeshifter) (Depths:3)
  5 flayed ghosts
  11 sea snakes
  9 glowing orange brains
  40 deep trolls
  2 bunyip skeletons (Crypt:3)
  13 deep elf archers
  8 bog bodies
  An obsidian statue (Depths:3)
  13 ironbound convokers
  A deep troll (shapeshifter) (Depths:3)
  12 harpies
  A golden dragon skeleton (Crypt:3)
  25 deep elf pyromancers
  A spriggan simulacrum (Crypt:2)
  A swamp dragon (shapeshifter) (Vaults:5)
  8 phantasmal warriors
  A harpy (shapeshifter) (Depths:3)
  7 steelbarb worms
  23 deep elf zephyrmancers
  A lindwurm (shapeshifter) (Depths:3)
  7 lindwurms
  13 necromancers
  13 wolf spiders
  6 orc knights
  62 ugly things
  A shadow dragon skeleton (Vaults:3)
  4 orc sorcerers (Orc:2)
  18 manticores
  21 fauns
  A wolf spider (shapeshifter) (Depths:3)
  A manticore (shapeshifter) (Depths:3)
  3 shining eyes (Zot:1)
  7 salamanders
  A toenail golem (D:12)
  6 meliai (Spider:2)
  7 moths of wrath
  A fire giant skeleton (Crypt:3)
  Joseph (D:9)
  A kobold blastminer (Orc:2)
  29 elephants
  A black mamba (shapeshifter) (Elf:1)
  5 black mambas
  9 cyclopes
  A dire elephant zombie (Crypt:1)
  20 vault sentinels
  4 torpor snails
  An iron dragon skeleton (Crypt:3)
  11 water nymphs
  4 molten gargoyles
  3 merfolk sirens
  A smoke demon (Depths:4)
  A stone giant skeleton (Crypt:3)
  A gargoyle (D:12)
  6 orange demons
  A red draconian zombie (Crypt:3)
  A naga mage (Vaults:2)
  An unseen horror (D:11)
  A cane toad (shapeshifter) (D:15)
  A komodo dragon (shapeshifter) (Vaults:5)
  6 rime drakes
  18 cane toads
  3 hellions
  An unseen horror (shapeshifter) (Vaults:5)
  31 yaktaurs
  2 freezing wraiths (Crypt:1)
  A dire elephant skeleton (Crypt:3)
  An unseen horror skeleton (Crypt:1)
  An efreet (D:11)
  4 centaur skeletons (Crypt:3)
  A death yak skeleton (Crypt:2)
  8 komodo dragons
  A pale draconian zombie (Crypt:2)
  A red devil (D:8)
  6 tengu conjurers
  An ice devil (Zot:1)
  A black draconian skeleton (Crypt:1)
  A harpy zombie (Crypt:1)
  8 trolls
  25 merfolk
  14 wind drakes
  4 polar bears
  4 hornets
  22 tarantellas
  2 hydra skeletons
  6 harpy skeletons
  A tarantella (shapeshifter) (Vaults:5)
  A fire dragon zombie (Crypt:2)
  Prince Ribbit (D:6)
  17 dream sheep
  A glass eye (Depths:2)
  A stone giant simulacrum (Vaults:3)
  An ettin zombie (Crypt:1)
  A guardian serpent zombie (Crypt:1)
  42 slime creatures
  19 jumping spiders
  2 jumping spiders (shapeshifter)
  20 blink frogs
  4 snapping turtles
  18 culicivoras
  A shadow (D:13)
  33 water elementals
  14 air elementals
  14 wraiths
  7 fire bats
  30 yaks
  A vampire (D:9)
  18 vampire mosquitoes
  2 humans (D:13)
  6 wyverns
  A yak (shapeshifter) (Elf:1)
  A tyrant leech zombie (Crypt:3)
  4 wargs
  A neqoxec (D:12)
  A steam dragon (D:8)
  11 fire elementals
  42 redbacks
  2 human simulacra
  4 basilisks
  A death yak simulacrum (Lair:5)
  A yaktaur simulacrum (Vaults:1)
  3 harpy simulacra (Crypt:1)
  An acid dragon (D:10)
  A deep troll zombie (Crypt:2)
  Edmund (D:4)
  A glowing shapeshifter zombie (Vaults:1)
  11 water moccasins
  3 naga skeletons (Crypt:3)
  A glowing shapeshifter skeleton (Vaults:3)
  A meliai simulacrum (D:15)
  2 small abominations (Gauntlet)
  2 sky beasts (D:6)
  38 orc warriors
  5 black bears
  6 ice beasts
  27 laughing skulls
  2 elephant zombies
  6 ogres
  A crocodile (shapeshifter) (D:14)
  A manticore zombie (Crypt:1)
  11 centaurs
  20 wolves
  2 elf simulacra (Vaults:3)
  A manticore skeleton (Crypt:1)
  A phantom (D:7)
  6 kobold brigands
  A vine stalker zombie (Crypt:1)
  18 scorpions
  10 earth elementals
  17 bullfrogs
  5 human skeletons
  A cane toad simulacrum (Lair:5)
  13 wights
  A raiju zombie (Crypt:3)
  5 killer bees (D:9)
  4 electric eels
  10 howler monkeys
  4 lava snakes (Volcano)
  4 centaur zombies (Ossuary)
  2 human zombies
  3 hounds
  16 jellies (Zot:2)
  32 orc priests
  An iguana (D:7)
  3 sleepcaps
  2 gnoll boudas (D:7)
  5 hell rats (Lair:5)
  51 orc wizards
  6 scorpion zombies (Ossuary)
  A hound zombie (Crypt:1)
  3 mummies (Ossuary)
  A howler monkey skeleton (Crypt:2)
  9 adders
  A gnoll (D:1)
  A shadow imp (D:8)
  3 white imps (D:7)
  5 ufetubi
  4 adder zombies (Ossuary)
  3 dart slugs
  111 orcs
  5 bats
  A bat skeleton (Crypt:3)
  7 endoplasms
  3 giant cockroaches
  6 goblins
  9 hobgoblins
  6 jackals
  22 kobolds
  A quokka (D:4)
  6 ball pythons
  3 frilled lizards
  4 gnoll zombies
  A goblin zombie (D:6)
  A hobgoblin skeleton (Crypt:1)
  3 jackal zombies (Ossuary)
  An orc skeleton (Crypt:1)
  2 orc zombies
  7 rats
  A rat zombie (D:6)
  A ball lightning (Depths:3)
2422 creatures vanquished.

Vanquished Creatures (others)
  A pandemonium lord (D:4)
  Asterion (Vaults:2)
  A merfolk aquamancer (Shoals:3)
  A soul eater (D:4)
  A deep elf zephyrmancer (Elf:1)
  2 deep elf pyromancers
  A blink frog (Lair:1)
  An air elemental (Elf:3)
  An orc wizard (Orc:2)
  12 ball lightnings
  22 foxfires (D:1)
  3 spectral weapons
47 creatures vanquished.

Grand Total: 2469 creatures vanquished

Notes
Turn   | Place    | Note
-------+----------+-------------------------------------------
     0 | D:1      | EnegeticOcto the Oni Cinder Acolyte began the quest for the
                  | Orb.
     0 | D:1      | Reached XP level 1. HP: 24/24 MP: 2/2
    50 | D:1      | Reached XP level 2. HP: 25/33 MP: 3/3
   212 | D:1      | Reached skill level 1 in Stealth
   473 | D:1      | Reached XP level 3. HP: 40/40 MP: 4/4
   527 | D:1      | Reached skill level 5 in Fighting
   999 | D:2      | Reached XP level 4. HP: 45/50 MP: 5/5
  1239 | D:2      | Learned a level 1 spell: Apportation
  1242 | D:2      | Learned a level 2 spell: Scorch
  1349 | D:2      | Reached skill level 2 in Stealth
  2352 | D:3      | Found Pyah's Weapon Shop.
  2378 | D:3      | Found a faded altar of an unknown god.
  2480 | D:3      | Found an ornate altar of the Wu Jian Council.
  2535 | D:3      | Found Kodghaps's Assorted Antiques.
  2538 | D:3      | Bought a scroll labelled QOS XUINEUDES for 25 gold pieces
  2538 | D:3      | Bought a scroll labelled QOS XUINEUDES for 25 gold pieces
  2538 | D:3      | Bought a puce potion for 22 gold pieces
  2538 | D:3      | Bought a murky black potion for 22 gold pieces
  2596 | D:3      | Found an opulent altar of Gozag.
  2604 | D:3      | Found Leiheot's Antique Weapon Shoppe.
  2649 | D:3      | Found Qomuzac's Magic Scroll Boutique.
  2679 | D:3      | Bought a scroll of identify for 28 gold pieces
  2679 | D:3      | Bought a scroll of noise for 14 gold pieces
  2724 | D:3      | Found a bloodstained altar of Trog.
  2765 | D:3      | Reached XP level 5. HP: 59/59 MP: 3/6
  2950 | D:3      | Found Qiemag's Antique Armour Emporium.
  3486 | D:4      | Reached skill level 6 in Fighting
  3497 | D:4      | Reached skill level 4 in Maces & Flails
  3497 | D:4      | Reached XP level 6. HP: 21/68 MP: 0/7
  3704 | D:4      | Reached skill level 3 in Stealth
  3714 | D:4      | Reached skill level 7 in Fighting
  4043 | D:4      | Found Qiyrgh's Weapon Emporium.
  4221 | D:4      | Reached XP level 7. HP: 79/79 MP: 6/8
  4236 | D:4      | Reached skill level 8 in Fighting
  4394 | D:4      | Noticed Edmund
  4402 | D:4      | Killed Edmund
  4613 | D:4      | Found a blossoming altar of Fedhas.
  4834 | D:5      | Entered Level 5 of the Dungeon
  5058 | D:5      | Reached skill level 9 in Fighting
  5058 | D:5      | Reached skill level 5 in Maces & Flails
  5181 | D:5      | Found a sparkling altar of Nemelex Xobeh.
  5533 | D:5      | Reached XP level 8. HP: 85/92 MP: 9/9
  5757 | D:6      | Found a sand-covered staircase.
  5810 | Ossuary  | Entered an ossuary
  6014 | Ossuary  | Reached skill level 6 in Maces & Flails
  6142 | Ossuary  | Reached skill level 10 in Fighting
  6439 | Ossuary  | Reached skill level 4 in Stealth
  6568 | Ossuary  | Reached XP level 9. HP: 99/102 MP: 4/10
  6653 | Ossuary  | Reached skill level 7 in Maces & Flails
  6784 | D:6      | Reached skill level 11 in Fighting
  7270 | D:6      | Noticed Prince Ribbit
  7278 | D:6      | Killed Prince Ribbit
  7279 | D:6      | Reached skill level 12 in Fighting
  7279 | D:6      | Reached skill level 8 in Maces & Flails
  8130 | D:7      | Found a staircase to the Ecumenical Temple.
  8135 | D:7      | Reached skill level 9 in Maces & Flails
  8250 | D:3      | Bought a scorched battleaxe for 218 gold pieces
  8250 | D:3      | Identified the +6 battleaxe of Qifuxt {venom, rC+ Int-4
                  | SInv} (You bought it in a shop on level 3 of the Dungeon)
  8386 | D:7      | Reached XP level 10. HP: 116/118 MP: 11/11
  8497 | D:7      | Reached skill level 13 in Fighting
  8497 | D:7      | Reached skill level 1 in Axes
  8596 | D:7      | Reached skill level 2 in Axes
  8736 | D:7      | Noticed a boulder beetle
  8736 | D:7      | Noticed a deep elf pyromancer
  8742 | D:7      | Killed a boulder beetle
  8749 | D:7      | Killed a deep elf pyromancer
  8750 | D:7      | Reached skill level 10 in Maces & Flails
  8766 | D:7      | Identified the staff "Mimor" {rElec Int+3 Air}
  8792 | D:7      | Noticed a cyclops
  8794 | D:7      | Noticed a green ugly thing
  8799 | D:7      | Killed a cyclops
  8800 | D:7      | Reached skill level 14 in Fighting
  8802 | D:7      | Killed a green ugly thing
  8826 | D:7      | Noticed a cyclops
  8830 | D:7      | Killed a cyclops
  8856 | D:7      | Identified the +4 dagger of the Boar {speed, rN++ Will-}
  8878 | D:7      | Identified the +4 sling of Amorality {drain, Str+6}
  8993 | D:7      | Reached skill level 11 in Maces & Flails
  9119 | D:7      | Found a staircase to the Ecumenical Temple.
  9574 | D:8      | Noticed Gastronok
  9749 | D:8      | Reached XP level 11. HP: 96/131 MP: 12/12
  9826 | D:8      | Reached skill level 1 in Evocations
  9996 | D:8      | Killed Gastronok
  9997 | D:8      | Reached skill level 15 in Fighting
  9997 | D:8      | Reached skill level 2 in Evocations
 10064 | D:8      | Reached skill level 12 in Maces & Flails
 10457 | D:3      | Bought a scroll of brand weapon for 133 gold pieces
 10929 | D:8      | Found a shadowy altar of Dithmenos.
 11066 | D:9      | Noticed Joseph
 11076 | D:9      | Killed Joseph
 11226 | D:9      | Reached skill level 3 in Evocations
 11560 | D:9      | Reached skill level 13 in Maces & Flails
 11674 | D:9      | Found a staircase to the Lair.
 11971 | D:10     | Entered Level 10 of the Dungeon
 12008 | D:10     | Reached XP level 12. HP: 131/144 MP: 13/13
 12179 | D:10     | Reached skill level 4 in Evocations
 12536 | D:10     | You fall into a shaft and drop 3 floors!
 12541 | D:13     | Found Oghitab's General Store.
 12541 | D:13     | Noticed a six-headed hydra
 12694 | D:11     | Noticed Fannar
 12874 | D:11     | Found a white marble altar of Elyvilon.
 12884 | D:11     | Reached skill level 16 in Fighting
 13102 | D:11     | Killed Fannar
 13166 | D:11     | Noticed a boulder beetle
 13167 | D:11     | Noticed a two-headed ogre
 13190 | D:11     | Killed a boulder beetle
 13243 | D:11     | Killed a two-headed ogre
 13244 | D:11     | Reached skill level 14 in Maces & Flails
 13342 | D:10     | Found a hide-covered altar of Uskayaw.
 13473 | D:10     | Found a glowing golden altar of the Shining One.
 13504 | D:10     | Found a radiant altar of Vehumet.
 13962 | D:11     | Found a staircase to the Orcish Mines.
 14251 | D:11     | Noticed a two-headed ogre
 14256 | D:11     | Killed a two-headed ogre
 14304 | D:11     | Noticed a two-headed ogre
 14311 | D:11     | Killed a two-headed ogre
 14619 | Lair:1   | Entered Level 1 of the Lair of Beasts
 14630 | Lair:1   | Reached skill level 17 in Fighting
 14673 | Lair:1   | Reached skill level 15 in Maces & Flails
 14762 | Lair:1   | Reached XP level 13. HP: 143/156 MP: 14/14
 15503 | Lair:2   | Reached skill level 16 in Maces & Flails
 16062 | Lair:2   | Reached skill level 18 in Fighting
 16182 | Lair:3   | Found a staircase to the Shoals.
 16511 | Lair:3   | Found a hole to the Spider Nest.
 16675 | Lair:3   | Reached skill level 1 in Dodging
 16677 | Lair:3   | Reached skill level 1 in Armour
 16819 | Lair:3   | Reached skill level 2 in Armour
 16819 | Lair:3   | Reached skill level 2 in Dodging
 17478 | Lair:4   | Reached skill level 3 in Armour
 17478 | Lair:4   | Reached skill level 3 in Dodging
 17479 | Lair:4   | Reached XP level 14. HP: 130/170 MP: 15/15
 17561 | Lair:4   | Found a staircase to the Slime Pits.
 17685 | Lair:4   | Reached skill level 19 in Fighting
 18079 | Lair:4   | Reached skill level 4 in Armour
 18079 | Lair:4   | Reached skill level 4 in Dodging
 18312 | Lair:5   | Entered Level 5 of the Lair of Beasts
 18643 | Lair:5   | Reached skill level 5 in Dodging
 18804 | Lair:5   | Reached skill level 20 in Fighting
 18804 | Lair:5   | Reached skill level 6 in Dodging
 19174 | Lair:5   | Reached skill level 7 in Dodging
 19291 | Lair:5   | Noticed a dire elephant
 19292 | Lair:5   | Noticed a dire elephant
 19311 | Lair:5   | Reached skill level 8 in Dodging
 19769 | Lair:5   | Reached XP level 15. HP: 133/183 MP: 16/16
 19787 | Lair:5   | Reached skill level 5 in Evocations
 20184 | D:12     | Found Rurghyrie's Weapon Emporium.
 20192 | D:12     | Bought 3 curare-tipped darts for 46 gold pieces
 20231 | D:12     | Reached skill level 9 in Dodging
 20409 | D:12     | Gained mutation: Your magical capacity is low. (-10% MP)
                  | [potion of mutation]
 20409 | D:12     | Gained mutation: You occasionally lose the ability to read
                  | scrolls when taking damage. [potion of mutation]
 20409 | D:12     | Gained mutation: You are clumsy. (Dex -2) [potion of
                  | mutation]
 20409 | D:12     | Gained mutation: You are partially covered in iridescent
                  | scales. (AC +2) [potion of mutation]
 20539 | D:12     | Lost mutation: You are clumsy. (Dex -2) [potion of
                  | mutation]
 20539 | D:12     | Lost mutation: You occasionally lose the ability to read
                  | scrolls when taking damage. [potion of mutation]
 20539 | D:12     | Lost mutation: You are partially covered in iridescent
                  | scales. (AC +2) [potion of mutation]
 20539 | D:12     | Gained mutation: You are vulnerable to heat. (rF-) [potion
                  | of mutation]
 20539 | D:12     | Gained mutation: You are partially covered in large bone
                  | plates. (SH +4) [potion of mutation]
 20539 | D:12     | Gained mutation: Your flesh is cold resistant. (rC+)
                  | [potion of mutation]
 20540 | D:12     | Lost mutation: Your flesh is cold resistant. (rC+) [potion
                  | of mutation]
 20540 | D:12     | Lost mutation: You are partially covered in large bone
                  | plates. (SH +4) [potion of mutation]
 20540 | D:12     | Gained mutation: Your health recovers twice as slowly from
                  | being drained. [potion of mutation]
 20540 | D:12     | Gained mutation: You occasionally lose the ability to read
                  | scrolls when taking damage. [potion of mutation]
 20540 | D:12     | Gained mutation: You are agile. (Dex +4, Str/Int -1)
                  | [potion of mutation]
 20540 | D:12     | Gained mutation: You are strong-willed. (Will+) [potion of
                  | mutation]
 20541 | D:12     | Lost mutation: Your magical capacity is low. (-10% MP)
                  | [potion of mutation]
 20541 | D:12     | Lost mutation: You occasionally lose the ability to read
                  | scrolls when taking damage. [potion of mutation]
 20541 | D:12     | Lost mutation: You are strong-willed. (Will+) [potion of
                  | mutation]
 20541 | D:12     | Gained mutation: You are frail. (-10% HP) [potion of
                  | mutation]
 20541 | D:12     | Gained mutation: Your spells are a little easier to cast,
                  | but a little less powerful. [potion of mutation]
 20541 | D:12     | Gained mutation: Your movements are slightly less
                  | encumbered by armour. (ER -2) [potion of mutation]
 20541 | D:12     | Lost mutation: Your spells are a little easier to cast, but
                  | a little less powerful. [potion of mutation]
 20542 | D:12     | Lost mutation: Your movements are slightly less encumbered
                  | by armour. (ER -2) [potion of mutation]
 20542 | D:12     | Lost mutation: Your health recovers twice as slowly from
                  | being drained. [potion of mutation]
 20542 | D:12     | Gained mutation: Your system is resistant to poisons.
                  | (rPois) [potion of mutation]
 20542 | D:12     | Gained mutation: You have very sharp teeth. [potion of
                  | mutation]
 20543 | D:12     | Lost mutation: You have very sharp teeth. [potion of
                  | mutation]
 20543 | D:12     | Lost mutation: You are agile. (Dex +4, Str/Int -1) [potion
                  | of mutation]
 20543 | D:12     | Gained mutation: Your muscles are strong. (Str +4, Int/Dex
                  | -1) [potion of mutation]
 20543 | D:12     | Gained mutation: Your flesh is cold resistant. (rC+)
                  | [potion of mutation]
 20549 | D:12     | Reached skill level 6 in Evocations
 21026 | D:13     | Bought a potion of mutation for 104 gold pieces
 21026 | D:13     | Lost mutation: You are vulnerable to heat. (rF-) [potion of
                  | mutation]
 21026 | D:13     | Lost mutation: Your system is resistant to poisons. (rPois)
                  | [potion of mutation]
 21026 | D:13     | Gained mutation: You possess an exceptional clarity of
                  | mind. [potion of mutation]
 21026 | D:13     | Gained mutation: Your mind is acute. (Int +4, Str/Dex -1)
                  | [potion of mutation]
 21040 | D:13     | Bought 6 curare-tipped darts for 93 gold pieces
 21308 | D:13     | Found a gate to the Vaults.
 21359 | D:13     | Found Jauw's Assorted Antiques.
 21367 | D:13     | Bought a runed demon whip for 504 gold pieces
 21473 | D:13     | Found Rowni's Book Shop.
 21479 | D:13     | Identified the +1 plate armour "Imiyrph" {rElec rCorr
                  | Str+3}
 21545 | D:13     | Found Fossuh's Weapon Emporium.
 21652 | D:13     | Found Vyqoix's Antique Weapon Boutique.
 21659 | D:13     | Reached skill level 1 in Shields
 22250 | Orc:1    | Entered Level 1 of the Orcish Mines
 22494 | Orc:1    | Reached skill level 2 in Shields
 22719 | Orc:2    | Entered Level 2 of the Orcish Mines
 22737 | Orc:2    | Reached skill level 10 in Dodging
 22799 | Orc:2    | Found a staircase to the Elven Halls.
 22814 | Orc:2    | Reached skill level 7 in Evocations
 22816 | Orc:2    | Noticed Urug
 22839 | Orc:2    | Urug changed into Urug the skyshark
 22839 | Orc:2    | Noticed Urug
 22850 | Orc:2    | Killed Urug the skyshark
 22851 | Orc:2    | Reached skill level 3 in Shields
 23105 | Orc:2    | Found a dark tunnel.
 23117 | Orc:2    | Reached skill level 4 in Shields
 23129 | Volcano  | Entered a volcano
 23233 | Volcano  | Found a radiant altar of Vehumet.
 23361 | Volcano  | Reached skill level 5 in Shields
 23533 | Orc:2    | Paralysed by an orc sorcerer for 3 turns
 23661 | Orc:2    | Reached skill level 6 in Shields
 23661 | Orc:2    | Reached XP level 16. HP: 130/172 MP: 17/17
 23990 | Orc:2    | Found Dacvarch's Antique Armour Boutique.
 23990 | Orc:2    | Found Rugask's Assorted Antiques.
 23991 | Orc:2    | Found Zozxuah's Jewellery Shop.
 23995 | Orc:2    | Found Pacsaipp's Book Boutique.
 24001 | Orc:2    | Bought a dazzling morningstar for 270 gold pieces
 24001 | Orc:2    | Identified the +1 morningstar of Descent {distort, *Slow
                  | rN+ Str+2 Int+3 Stlth+} (You bought it in a shop on level 2
                  | of the Orcish Mines)
 24001 | Orc:2    | Bought a potion of heal wounds for 150 gold pieces
 24001 | Orc:2    | Bought a black potion for 27 gold pieces
 24491 | Orc:2    | Bought a ring of willpower for 425 gold pieces
 24680 | D:13     | Bought a scroll of enchant weapon for 210 gold pieces
 24917 | D:14     | Reached skill level 1 in Throwing
 24958 | D:14     | Reached skill level 8 in Evocations
 25076 | D:14     | Reached skill level 2 in Throwing
 25198 | D:14     | Reached skill level 7 in Shields
 25285 | D:14     | Reached skill level 3 in Throwing
 25948 | D:14     | Reached skill level 8 in Shields
 26088 | D:15     | Entered Level 15 of the Dungeon
 26211 | D:15     | Reached skill level 4 in Throwing
 26283 | D:15     | Found a gate leading to a gauntlet.
 26313 | Gauntlet | Entered a Gauntlet
 26313 | Gauntlet | Found a transporter.
 26322 | Gauntlet | Found a transporter.
 26338 | Gauntlet | Found a transporter.
 26342 | Gauntlet | Found a transporter.
 26362 | Gauntlet | Found a transporter.
 26375 | Gauntlet | Found a transporter.
 26388 | Gauntlet | Found a transporter.
 26408 | Gauntlet | Found a transporter.
 26412 | Gauntlet | Found a transporter.
 26420 | Gauntlet | Found a transporter.
 26437 | Gauntlet | Found a transporter.
 26445 | Gauntlet | Found a transporter.
 26853 | Gauntlet | Identified the +0 cloak "Lifytul" {Slay+2}
 26982 | Gauntlet | Identified the amulet of Qufozofu {RegenMP Str+3 Dex+2}
 27012 | Gauntlet | Identified the +6 halberd "Necwul" {flame, rN+ SInv}
 27015 | Gauntlet | Reached skill level 10 in Shields
 27015 | Gauntlet | Reached XP level 17. HP: 180/180 MP: 18/18
 27074 | D:15     | Reached skill level 5 in Throwing
 27286 | D:14     | Paralysed by something for 3 turns
 27376 | D:14     | Identified the ring "Afal Voe" {rC+ Dex+2 Stlth+}
 27586 | D:15     | Reached skill level 11 in Shields
 27801 | D:15     | Reached skill level 6 in Throwing
 27904 | D:15     | Found a staircase to the Depths.
 28483 | Spider:1 | Entered Level 1 of the Spider Nest
 28646 | Spider:1 | Reached XP level 18. HP: 94/188 MP: 19/19
 28758 | Spider:1 | Found a large runed translucent door.
 28758 | Spider:1 | Found a large runed translucent door.
 28760 | Spider:1 | Noticed Imajumem's ghost (adept KoDe)
 28825 | Spider:1 | Reached skill level 12 in Shields
 28864 | Spider:1 | Reached skill level 7 in Throwing
 29229 | Spider:1 | Noticed Frances
 29257 | Spider:1 | Killed Frances
 30565 | Spider:3 | Reached skill level 8 in Throwing
 30690 | Spider:3 | Reached skill level 13 in Shields
 31805 | Spider:3 | Learned a level 3 spell: Passwall
 31809 | Spider:3 | Learned a level 3 spell: Ozocubu's Armour
 31828 | Spider:4 | Entered Level 4 of the Spider Nest
 32707 | Spider:4 | Got the Elucidation of the Singularity and the Maleficium
 32946 | Spider:4 | Reached skill level 9 in Throwing
 33272 | Spider:4 | Reached skill level 14 in Shields
 33964 | Spider:4 | Reached skill level 21 in Fighting
 34260 | Spider:4 | Reached XP level 19. HP: 200/200 MP: 20/20
 34724 | Spider:4 | Got a gossamer rune of Zot
 34964 | Shoals:1 | Entered Level 1 of the Shoals
 35228 | Shoals:1 | Found Illit's Antique Weapon Emporium.
 35461 | Shoals:1 | Found Xeyly's Armour Emporium.
 35624 | Shoals:1 | Found Zewoist's Magic Scroll Emporium.
 35632 | Shoals:1 | Bought a scroll of blinking for 112 gold pieces
 36355 | Shoals:2 | Reached skill level 10 in Throwing
 36893 | Shoals:2 | Reached skill level 15 in Shields
 37529 | Shoals:3 | Found Poem's Distillery.
 37552 | Shoals:3 | Bought a potion of heal wounds for 95 gold pieces
 37552 | Shoals:3 | Bought a potion of curing for 57 gold pieces
 37552 | Shoals:3 | Bought a potion of curing for 57 gold pieces
 38340 | Shoals:3 | Reached skill level 22 in Fighting
 38447 | Shoals:3 | Bought a potion of cancellation for 152 gold pieces
 38465 | Shoals:4 | Entered Level 4 of the Shoals
 38504 | Shoals:4 | Paralysed by an air elemental for 1 turns
 38518 | Shoals:4 | Reached skill level 1 in Shapeshifting
 38929 | Shoals:4 | Identified the +6 chain mail "Tuangeof" {rElec Int+5
                  | Stlth+}
 39247 | Shoals:4 | Reached skill level 16 in Shields
 39252 | Shoals:4 | Reached skill level 2 in Shapeshifting
 39409 | Shoals:4 | Noticed Mlioglotl
 39431 | Shoals:4 | Killed Mlioglotl
 39491 | Shoals:4 | Paralysed by an air elemental for 1 turns
 39773 | Shoals:4 | Paralysed by an air elemental for 1 turns
 39783 | Shoals:4 | Paralysed by an air elemental for 1 turns
 39803 | Shoals:4 | Reached skill level 3 in Shapeshifting
 39816 | Shoals:4 | Reached XP level 20. HP: 171/213 MP: 21/21
 39867 | Shoals:4 | Paralysed by an air elemental for 1 turns
 39941 | Shoals:4 | Paralysed by an air elemental for 1 turns
 39958 | Shoals:4 | Paralysed by an air elemental for 1 turns
 40030 | Shoals:4 | Noticed Polyphemus
 40069 | Shoals:4 | Killed Polyphemus
 40364 | Shoals:4 | Paralysed by an air elemental for 1 turns
 40635 | Shoals:4 | Reached skill level 4 in Shapeshifting
 40830 | Shoals:4 | Got a barnacled rune of Zot
 40917 | Shoals:4 | Paralysed by an air elemental for 1 turns
 41263 | Elf:1    | Entered Level 1 of the Elven Halls
 41539 | Elf:1    | Found Wilefridgh's Magic Scroll Shop.
 41563 | Elf:1    | Found Ynosa's Assorted Antiques.
 41597 | Elf:1    | Found Vutsar's Distillery.
 41614 | Elf:1    | Bought a potion of heal wounds for 90 gold pieces
 41614 | Elf:1    | Bought a potion of heal wounds for 90 gold pieces
 41790 | Elf:1    | Found Pihunim's Assorted Antiques.
 41824 | Elf:1    | Reached skill level 17 in Shields
 42501 | Elf:1    | Reached skill level 5 in Shapeshifting
 42539 | Elf:1    | Got the Catalogue of the Familiar
 43299 | Elf:2    | Found Difesyl's Antique Weapon Boutique.
 43334 | Elf:1    | Reached skill level 23 in Fighting
 43498 | Elf:1    | Paralysed by an air elemental for 1 turns
 43506 | Elf:1    | Paralysed by an air elemental for 1 turns
 43514 | Elf:1    | Paralysed by an air elemental for 1 turns
 43800 | Elf:2    | Noticed a Brimstone Fiend
 44241 | Elf:2    | Found a runed translucent gate.
 44241 | Elf:2    | Found a runed translucent gate.
 44253 | Elf:2    | Found a runed translucent gate.
 44315 | Elf:2    | Noticed Agnes
 44327 | Elf:2    | Killed Agnes
 44335 | Elf:2    | Noticed Roxanne
 44593 | Elf:2    | Killed Roxanne
 44594 | Elf:2    | Reached skill level 6 in Shapeshifting
 45586 | Elf:2    | Reached skill level 7 in Shapeshifting
 47352 | Elf:2    | Reached skill level 8 in Shapeshifting
 47449 | Elf:2    | Reached XP level 21. HP: 93/224 MP: 3/22
 47779 | Elf:3    | Entered Level 3 of the Elven Halls
 48533 | Elf:3    | Paralysed by an air elemental for 1 turns
 48536 | Elf:3    | Paralysed by an air elemental for 1 turns
 48541 | Elf:3    | Reached skill level 9 in Shapeshifting
 48754 | Elf:2    | Found a radiant altar of Vehumet.
 48811 | Elf:3    | Found Qugeb's Antique Weapon Shoppe.
 49994 | Elf:3    | Identified the +1 quarterstaff of the Last Continents
                  | {flame, rElec rF- rCorr Dex+3}
 50154 | Elf:3    | Reached skill level 10 in Shapeshifting
 51037 | Elf:3    | Identified the +3 ring mail of the Journeyman {+Inv Int+2}
 51199 | Elf:3    | Reached skill level 11 in Shapeshifting
 52643 | Elf:3    | Identified the +3 ring mail of Feasting {rN+}
 52648 | Elf:3    | Identified the +3 arbalest "Oblir" {penet, ^Contam rPois
                  | rC+ Str+3}
 52659 | Elf:3    | Identified the +4 war axe of Piepies {elec, ^Contam Str+5}
 52678 | Elf:3    | Got the Reference Book on Vitriolic Ensorcelling
 52881 | Elf:1    | Bought 3 scrolls of enchant armour for 405 gold pieces
 52881 | Elf:1    | Bought a scroll of teleportation for 54 gold pieces
 53145 | Vaults:1 | Entered Level 1 of the Vaults
 53180 | Vaults:1 | Reached skill level 12 in Shapeshifting
 53940 | Vaults:1 | Reached skill level 13 in Shapeshifting
 54898 | Vaults:1 | Found a roughly hewn altar of Beogh.
 55361 | Vaults:2 | Found a radiant altar of Vehumet.
 55369 | Vaults:2 | Reached skill level 14 in Shapeshifting
 55373 | Vaults:2 | Identified the +0 hat of Ovuzuy {Str+2}
 55443 | Vaults:2 | Identified the +0 robe of Inquiry {rC+++ rCorr Dex+4
                  | Stlth-}
 55538 | Vaults:2 | Reached XP level 22. HP: 234/234 MP: 23/23
 55619 | Vaults:2 | Noticed Asterion
 55635 | Vaults:2 | Killed Asterion
 55816 | Vaults:2 | Noticed Margery
 55931 | Vaults:2 | Killed Margery
 56089 | Vaults:2 | Reached skill level 15 in Shapeshifting
 56333 | Vaults:2 | Found a staircase to the Crypt.
 56333 | Vaults:2 | Found a basalt altar of Yredelemnul.
 56334 | Vaults:2 | Found an ancient bone altar of Kikubaaqudgha.
 56960 | Vaults:3 | Identified the +4 robe of Patterns {rF+++ Str-5 Dex+3}
 56960 | Vaults:3 | Noticed Boris
 56967 | Vaults:3 | Killed Boris
 56968 | Vaults:3 | Reached skill level 16 in Shapeshifting
 57222 | Vaults:3 | Found Kulucs's Weapon Boutique.
 57447 | Vaults:3 | Reached skill level 18 in Shields
 57538 | Vaults:3 | Reached skill level 24 in Fighting
 58212 | Vaults:4 | Reached XP level 23. HP: 246/246 MP: 24/24
 59037 | Vaults:4 | Reached skill level 25 in Fighting
 59207 | Vaults:4 | Reached skill level 19 in Shields
 59444 | D:13     | Bought a scroll of enchant armour for 97 gold pieces
 59519 | Depths:1 | Entered Level 1 of the Depths
 59655 | Depths:1 | Found a shadowy altar of Dithmenos.
 60771 | Depths:1 | Found Vankutz's Antique Weapon Emporium.
 60773 | Depths:1 | Found Boxakupn's Distillery.
 60775 | Depths:1 | Found Foonniw's Armour Emporium.
 60797 | Depths:1 | Bought a potion of curing for 54 gold pieces
 60797 | Depths:1 | Bought a potion of heal wounds for 90 gold pieces
 60797 | Depths:1 | Bought a potion of heal wounds for 90 gold pieces
 60797 | Depths:1 | Bought 2 potions of curing for 108 gold pieces
 60803 | Depths:1 | Found a gateway to Hell.
 60809 | Depths:1 | Found a one-way gate leading to the halls of Pandemonium.
 62228 | Depths:2 | Found a white marble altar of Elyvilon.
 62315 | Depths:2 | Identified the +9 arbalest of Certain Death {freeze, rElec
                  | rPois rN+++ Dex-5}
 62349 | Depths:2 | Reached skill level 26 in Fighting
 63002 | Depths:2 | Identified the ring of Nikits {*Slow rF+ Dex+2 SInv}
 63074 | Depths:2 | Reached skill level 20 in Shields
 63533 | Depths:2 | Reached XP level 24. HP: 262/262 MP: 24/24
 63844 | Depths:3 | Paralysed by an air elemental for 1 turns
 63847 | Depths:3 | Paralysed by an air elemental for 1 turns
 64223 | Depths:3 | Paralysed by an air elemental for 1 turns
 65064 | Depths:3 | Identified the ring of Entrepreneurial Spirit {rElec rN+
                  | Int+3 Dex+6 Stlth+}
 65307 | Depths:3 | Found a one-way gate to the infinite horrors of the Abyss.
 65359 | Depths:3 | Identified the +1 dagger of the Heavens {pain, rPois Will-
                  | Dex+3}
 65396 | Depths:3 | Identified the +6 orcbow of Fuzzy Gallantry {freeze, ^Drain
                  | rC++ MP+9 Int+3}
 66091 | Depths:4 | Entered Level 4 of the Depths
 66091 | Depths:4 | Identified the +3 robe of the Tired People {-Tele rElec rC+
                  | rN+}
 66091 | Depths:4 | Noticed Boris
 66108 | Depths:3 | Killed Boris
 66109 | Depths:3 | Reached skill level 21 in Shields
 66624 | Depths:4 | Identified a scroll of acquirement
 66635 | Depths:4 | Acquired 804 gold pieces
 67019 | Depths:4 | Found a one-way gateway to a ziggurat.
 67124 | Depths:4 | Found a gate to the Realm of Zot.
 67153 | Depths:4 | Reached skill level 22 in Shields
 67885 | Crypt:1  | Entered Level 1 of the Crypt
 68093 | Crypt:1  | Noticed Xtahua
 68119 | Crypt:1  | Killed Xtahua
 68843 | Crypt:1  | Reached XP level 25. HP: 267/267 MP: 24/24
 69188 | Crypt:1  | Found a basalt altar of Yredelemnul.
 69190 | Crypt:1  | Noticed Grunn
 69215 | Crypt:1  | Killed Grunn
 69219 | Crypt:1  | Reached skill level 23 in Shields
 69896 | Crypt:2  | Identified the +4 robe of the Vestibule of Hell {Str+2
                  | Dex+5}
 69896 | Crypt:2  | Noticed Boris
 69908 | Crypt:2  | Killed Boris
 70402 | Crypt:3  | Entered Level 3 of the Crypt
 70583 | Crypt:3  | Reached skill level 24 in Shields
 71049 | Crypt:3  | Found a basalt altar of Yredelemnul.
 71078 | Crypt:3  | Noticed an ancient lich
 71091 | Crypt:3  | Killed an ancient lich
 71166 | Crypt:3  | Found the brooch of Shielding {Spirit SH+8}
 71520 | Crypt:3  | Reached skill level 25 in Shields
 71845 | Crypt:3  | Found a staircase to the Tomb.
 72132 | Vaults:5 | Entered Level 5 of the Vaults
 72164 | Vaults:5 | Reached XP level 26. HP: 280/280 MP: 24/24
 72221 | Vaults:5 | Noticed an ancient lich
 72243 | Vaults:5 | Killed an ancient lich
 72311 | Vaults:5 | Identified the +7 hand axe "Cefuc" {pain, Dex+5}
 72521 | Vaults:5 | Noticed a dread lich
 72532 | Vaults:5 | Killed a dread lich
 72533 | Vaults:5 | Reached skill level 26 in Shields
 73046 | Vaults:5 | Identified the +6 leather armour of the Apprentice {rElec}
 73443 | Vaults:5 | Found the +3 crown of Dyrovepreva {rElec Int+2 SInv}
 73458 | Vaults:5 | Identified the staff "Soub" {rElec rC+ rCorr Air}
 73461 | Vaults:5 | Got the Parchment of Calculation
 73469 | Vaults:5 | Identified the +1 chain mail of Esaphyi {rN+++ Str+5 Int-4}
 73472 | Vaults:5 | Identified the dragon-blood talisman "Jepraf" {Will+ Str-4
                  | SInv}
 74146 | Vaults:5 | Reached skill level 27 in Shields
 74276 | Vaults:5 | Reached skill level 27 in Fighting
 74339 | Vaults:5 | Identified the +5 rapier of Oblipt {holy, Will+}
 74342 | Vaults:5 | Identified the +0 hand axe "Imighou" {freeze, Will+ rCorr
                  | Str+2}
 74454 | Vaults:5 | Noticed an ancient lich
 74466 | Vaults:5 | Killed an ancient lich
 74466 | Vaults:5 | Identified the +5 hand axe of Wyrd {flame, *Noise rElec
                  | rF+++ Str+4}
 74494 | Vaults:5 | Identified the +4 robe of Day {-Cast Harm rElec rN++}
 74494 | Vaults:5 | Noticed Boris
 74514 | Vaults:5 | Killed Boris
 74628 | Vaults:5 | Identified the +10 plate armour "Woomnade" {Harm Int+2}
 74852 | Vaults:5 | Got a silver rune of Zot
 74928 | Vaults:5 | Identified the +1 leather armour "Utza Mudd" {Stlth+}
 74940 | Vaults:5 | Reached XP level 27. HP: 289/289 MP: 24/24
 75456 | Vaults:5 | Learned a level 4 spell: Vhi's Electric Charge
 75764 | Zot:1    | Entered Level 1 of the Realm of Zot
 75792 | Zot:1    | Noticed an orb of fire
 75792 | Zot:1    | Gained mutation: Your body sometimes deteriorates upon
                  | taking damage. [an orb of fire]
 75799 | Zot:1    | Lost mutation: Your muscles are strong. (Str +4, Int/Dex
                  | -1) [an orb of fire]
 75801 | Zot:1    | Gained mutation: Your body often deteriorates upon taking
                  | damage. [an orb of fire]
 75805 | Zot:1    | Killed an orb of fire
 75810 | Zot:1    | Reached skill level 1 in Translocations
 75810 | Zot:1    | Reached skill level 1 in Air Magic
 75833 | Zot:1    | Reached skill level 9 in Evocations
 75985 | Depths:1 | Bought a potion of mutation for 144 gold pieces
 75985 | Depths:1 | Bought 2 potions of mutation for 288 gold pieces
 76328 | Elf:1    | Bought a potion of heal wounds for 205 gold pieces
 76328 | Elf:1    | Bought a potion of heal wounds for 205 gold pieces
 76328 | Elf:1    | Bought a potion of curing for 123 gold pieces
 76328 | Elf:1    | Bought a potion of curing for 123 gold pieces
 76328 | Elf:1    | Bought a potion of curing for 123 gold pieces
 76344 | Elf:1    | Bought a potion of curing for 54 gold pieces
 76344 | Elf:1    | Bought a potion of might for 72 gold pieces
 76344 | Elf:1    | Bought a potion of mutation for 144 gold pieces
 76344 | Elf:1    | Bought a potion of ambrosia for 144 gold pieces
 76710 | Zot:1    | Reached skill level 11 in Dodging
 76862 | Zot:2    | Reached skill level 2 in Translocations
 76862 | Zot:2    | Reached skill level 2 in Air Magic
 76927 | Zot:1    | Gained mutation: You occasionally lose the ability to drink
                  | potions when taking damage. [a shining eye]
 76933 | Zot:1    | Lost mutation: Your mind is acute. (Int +4, Str/Dex -1)
                  | [potion of mutation]
 76933 | Zot:1    | Lost mutation: You are frail. (-10% HP) [potion of
                  | mutation]
 76933 | Zot:1    | Gained mutation: Your mind is acute. (Int +4, Str/Dex -1)
                  | [potion of mutation]
 76934 | Zot:1    | Lost mutation: Your flesh is cold resistant. (rC+) [potion
                  | of mutation]
 76934 | Zot:1    | Lost mutation: You occasionally lose the ability to drink
                  | potions when taking damage. [potion of mutation]
 76934 | Zot:1    | Gained mutation: Your spells are a little harder to cast,
                  | but a little more powerful. [potion of mutation]
 76934 | Zot:1    | Gained mutation: You have a somewhat thin skeletal
                  | structure. (Dex +2, Stealth+) [potion of mutation]
 77894 | Zot:2    | Reached skill level 3 in Translocations
 77894 | Zot:2    | Reached skill level 3 in Air Magic
 78825 | Zot:5    | Entered Level 5 of the Realm of Zot
 80067 | Zot:5    | Reached skill level 4 in Air Magic
 80072 | Zot:5    | Reached skill level 4 in Translocations
 80355 | Zot:5    | Noticed a dread lich
 80364 | Zot:5    | Killed a dread lich
 80584 | Zot:5    | Noticed an ancient lich
 80596 | Zot:5    | Killed an ancient lich
 80597 | Zot:5    | Reached skill level 17 in Shapeshifting
 80632 | Zot:5    | Noticed an orb of fire
 80634 | Zot:5    | Gained mutation: You occasionally lose the ability to read
                  | scrolls when taking damage. [an orb of fire]
 80643 | Zot:5    | Gained mutation: Armour fits poorly on your strangely
                  | shaped body. [an orb of fire]
 80645 | Zot:5    | Killed an orb of fire
 80669 | Zot:5    | Noticed an orb of fire
 80675 | Zot:5    | Noticed an ancient lich
 80679 | Zot:5    | Killed an orb of fire
 80687 | Zot:5    | Killed an ancient lich
 80694 | Zot:5    | Reached skill level 10 in Evocations
 80699 | Zot:5    | Noticed an orb of fire
 80711 | Zot:5    | Gained mutation: You are weak. (Str -2) [an orb of fire]
 80712 | Zot:5    | Killed an orb of fire
 80713 | Zot:5    | Reached skill level 5 in Translocations
 80713 | Zot:5    | Reached skill level 5 in Air Magic
 80717 | Zot:5    | Reached skill level 12 in Dodging
 81859 | Zot:5    | Got the Orb of Zot
 82005 | Zot:2    | Reached skill level 6 in Air Magic
 82024 | Zot:2    | Reached skill level 6 in Translocations
 82099 | Depths:4 | Noticed Ytoociul the pandemonium lord
 82303 | D:11     | Noticed Qiur the pandemonium lord
 82349 | D:8      | Noticed Huqeog the pandemonium lord
 82412 | D:4      | Noticed Ikhy the pandemonium lord
 82425 | D:4      | Killed Ikhy the pandemonium lord
 82504 | D:$      | Escaped with the Orb!

Illustrated notes

Levels and vault maps discovered:
D:1:      onia_arrival_handbag, layout_basic
D:2:      layout_basic
D:3:      layout_loops_cross, mainiacjoe_overflow_six_doors_small,
          trog_three_pillars_becter, nzn_wu_jian_council_hall,
          shapermc_ecumenical_altar_venn, serial_shops,
          nicolae_shop_statue_plus, nicolae_shop_waterfront, shop, shop,
          nicolae_shop_behind_doors
D:4:      minmay_recursive_quarters, layout_gridville,
          mainiacjoe_overflow_alcove_1, nicolae_inconvenience_store,
          kennysheep_cluttered_room, uniq_edmund
D:5:      layout_basic, nemelex_xobeh_ov_fountains_minmay
D:6:      layout_rooms, enter_ossuary_4, uniq_prince_ribbit1
D:7:      minmay_the_grid_octo_2x2 [minmay_the_grid_octo_fan_narrow,
          minmay_the_grid_octo_concentric, minmay_the_grid_octo_focus,
          minmay_the_grid_octo_prize_single_spiral], layout_basic,
          minmay_temple_entry_proselytizer
D:8:      minmay_skewed_foursquare, layout_cave_pools, marbit_many_paths,
          chequers_serial_rivers_marsh, uniq_gastronok
D:9:      layout_rooms, hellmonk_lair_entry_icy, serial_glass, glass_columns_a,
          glass_columns_b, feat_on_display, due_unseen_surprise,
          item_on_display_b, feat_on_display, kennysheep_another_room,
          uniq_joseph
D:10:     layout_loops_ring, mainiacjoe_overflow_alcove_4, minitemple
D:11:     layout_stronghold, erik_orc_2, nicolae_elyvilon_temple_path,
          uniq_fannar
D:12:     layout_irregular_city, serial_shops,
          nicolae_shop_bloodbath_and_beyond, minmay_lindwurm_lava
D:13:     layout_long_grid, hellmonk_vaults_keyhole, serial_shops, shop, shop,
          nicolae_shop_tiny_glass, shop, shop_fountains
D:14:     minmay_inside_and_out, layout_small_grid, amcnicky_mini_pool_small,
          amcnicky_mini_corridor_feature, minmay_three_doors
D:15:     gammafunk_enter_depths_forms, layout_long_grid,
          gauntlet_entry_generic, serial_park_tiny_2, minivault_26
Lair:1:   layout_concentric_octagons, lemuel_old_faithful
Lair:2:   layout_misc_corridors, infiniplex_staircase_pool_2
Lair:3:   layout_regular_city, minmay_shoals_entry_beasts,
          nicolae_spider_entry_orb_guardian, st_stairs_3, grunt_megastairs_3
Lair:4:   layout_small_grid, slime_entry_1, chequers_serial_rivers_small_b,
          grunt_megastairs_5
Lair:5:   due_jungle_book, layout_regular_city, chequers_serial_rivers_micro_b,
          lemuel_fruit_fields
Shoals:1: layout_shoals, serial_shops, nicolae_shop_tiny_statue_garden, shop,
          shop
Shoals:2: layout_shoals
Shoals:3: layout_shoals, serial_shops, shop
Shoals:4: shoals_end_hellmonk_storm_palace [storm_palace_center_square,
          storm_palace_corner_pillars, storm_palace_corner_narrow,
          storm_palace_corner_narrow, storm_palace_corner_grid],
          uniq_polyphemus, uniq_mlioglotl
Spider:1: layout_spider_delve, ebering_ghost_disaster_area, uniq_frances
Spider:2: layout_spider_delve, nicolae_spider_eight_legs
Spider:3: layout_spider_delve, nicolae_spider_paper_wasps
Spider:4: grunt_spider_rune_parallel
Orc:1:    layout_caves
Orc:2:    st_orc_mages, layout_diamond_mine, nicolae_volcano_entry_batcave,
          special_room, einodemon_barbed_minivault, uniq_urug
Elf:1:    minmay_elf_arrival_summoners, layout_loops_corners, serial_shops,
          shop, nicolae_shop_waterfront, nicolae_shop_hallway_plus, shop,
          minmay_elf_demonology
Elf:2:    elven_hall_of_blades_hangedman_original [mumra_blade_entry_bloodbath],
          layout_rooms, serial_shops, shop, st_stairs_3, glass_columns_a,
          lemuel_upstairs_altar, uniq_agnes, uniq_roxanne
Elf:3:    elf_hall, layout_loops_corners, serial_shops, nicolae_shop_trees,
          serial_glass, glass_columns_b, glass_columns_b, glass_columns_a,
          glass_columns_b, glass_columns_a, glass_columns_b, glass_columns_b,
          glass_columns_a
Vaults:1: nicolae_vaults_shrinking_rooms_1, special_room_vaults
          [special_room_orc], nicolae_vaults_closet_pinwheel_6, v_misc_19,
          vaults_room_pool, nicolae_vaults_little_squares_3,
          dpeg_vaults_monster_box, vaults_room_door_ring, v_pattern_1,
          v_misc_25, nicolae_vaults_surprise_closet, v_misc_10,
          layout_vaults_chaotic_city
Vaults:2: hangedman_vaults_maws, nicolae_vaults_cornered_office,
          minmay_crypt_entry_necro_gods, hangedman_vaults_nodes,
          grunt_tower_of_power, grunt_vaults_focal, hangedman_vaults_capsules,
          v_misc_18, nicolae_vaults_surprise_closet,
          nicolae_vaults_little_squares_3, layout_vaults_omnigrid,
          uniq_asterion, uniq_margery
Vaults:3: hangedman_vaults_variations, nicolae_vaults_big_ls,
          vaults_standard_mumra_enter_the_diamond, v_misc_8,
          nicolae_vaults_border_crossing, nicolae_vaults_gold_heap,
          nicolae_vaults_tetromino_T_2, nicolae_vaults_specimen_jars,
          nicolae_vaults_tetromino_T_2, v_pattern_4, hangedman_vaults_locks,
          layout_vaults_omnibox, serial_shops, nicolae_shop_statue_plus,
          uniq_boris
Vaults:4: nicolae_vaults_diamond_1, v_misc_10, v_misc_31,
          nicolae_vaults_closet_pinwheel_3, nicolae_vaults_closet_pinwheel_3,
          nicolae_vaults_doubleplus_tesselated, nicolae_vaults_cochlea,
          nicolae_vaults_network_periphery, nicolae_vaults_theta,
          nicolae_vaults_holding_cells, layout_vaults_ring
Vaults:5
Crypt:1:  layout_chaotic_city, lemuel_statue_altar, grunt_megastairs_4,
          grunt_crypt_arrival_webbed, uniq_xtahua, uniq_grunn
Crypt:2:  layout_basic
Crypt:3:  church_of_pain_bobbens, layout_chaotic_city, minmay_misc_feat_ornament
Depths:1: layout_gridlike, nrook_pool_corridor, hell_entry, pan_entry,
          nicolae_dithmenos_the_darkroom, minmay_shop_star
Depths:2: hangedman_cross_cluster, layout_gridlike, hell_entry, glass_columns_a,
          grunt_pan_entry_in_and_out
Depths:3: radiant_caverns_b_rkd, abyss_entry, hell_entry
Depths:4: grunt_zot_entry_funnels, layout_cave_shapes, enter_ziggurat_f,
          hellmouth_1, nicolae_eternal_life, nicolae_twisting_strands
Zot:1:    layout_gridlike, grunt_megastairs_1
Zot:2:    lemuel_acid_trip, layout_onion, uniq_josephina, uniq_vv
Zot:3:    layout_misc_corridors, regret_index_zotdec_barnacled_simple
Zot:4:    layout_onion_interference
Zot:5:    layout_cathedral_of_symmetry, grunt_ministairs_15,
          regret_index_zotdec_ex

Skill      XL: |  1  2  3  4  5  6  7  8  9 10 11 12 13 14 15 16 17 18 19 20 21 22 23 24 25 26 27 |
---------------+----------------------------------------------------------------------------------+-----
Stealth        | 1 2 3 4 |  4.0
Fighting       | 5 6 7 9 10 12 14 15 17 18 20 21 22 23 24 26 27 | 27.0
Maces & Flails | 4 5 6 9 11 13 15 16 | 16.6
Axes           | 2 |  2.2
Evocations     | 3 4 7 8 10 | 10.6
Dodging        | 3 8 10 12 | 12.5
Armour         | 3 4 |  4.0
Shields        | 6 10 11 14 16 17 18 20 22 25 27 | 27.0
Throwing       | 4 6 9 10 | 10.0
Shapeshifting  | 3 8 14 16 17 | 17.5
Translocations | 6 |  6.0
Air Magic      | 6 |  6.0
Spellcasting   | |  1.2
Fire Magic     | |  2.6

Action                     |  1- 3 |  4- 6 |  7- 9 | 10-12 | 13-15 | 16-18 | 19-21 | 22-24 | 25-27 || total
---------------------------+-------+-------+-------+-------+-------+-------+-------+-------+-------++-------
  Melee: Mace              |    54 |       |       |       |       |       |       |       |       ||    54
         Headbutt          |     3 |    15 |    54 |    76 |   182 |   347 |   463 |   519 |   635 ||  2294
         Flail             |    16 |   105 |    46 |       |       |       |       |       |       ||   167
         Morningstar       |       |     6 |   249 |       |       |       |       |   121 |   706 ||  1082
         Battleaxe         |       |       |     2 |    92 |       |       |       |       |       ||    94
         Giant spiked club |       |       |       |   292 |   491 |       |       |       |       ||   783
         Demon whip        |       |       |       |       |   411 |  1254 |  1254 |       |       ||  2919
         Eveningstar       |       |       |       |       |       |       |   553 |  1458 |  1171 ||  3182
  Throw: Dart              |       |       |       |     9 |    16 |     9 |       |       |       ||    34
         Boomerang         |       |       |       |    40 |       |    39 |    12 |       |       ||    91
         Large rock        |       |       |       |     2 |     5 |    13 |    26 |    18 |     3 ||    67
         Javelin           |       |       |       |       |       |       |     4 |       |       ||     4
   Cast: Scorch            |       |    38 |    59 |       |       |       |       |       |       ||    97
 Invoke: Foxfire Swarm     |     1 |       |       |       |       |       |       |       |       ||     1
         Rising Flame      |       |       |       |       |       |       |       |       |     1 ||     1
  Evoke: Wand              |       |       |     2 |     1 |     1 |     3 |    23 |     1 |     5 ||    36
         Lightning rod     |       |       |       |     3 |     4 |     8 |    17 |       |     2 ||    34
         Tin of tremorston |       |       |       |       |     3 |     2 |     6 |     2 |     2 ||    15
         Phial of floods   |       |       |       |       |       |     1 |       |     2 |       ||     3
         Phantom mirror    |       |       |       |       |       |       |       |     1 |     1 ||     2
         Box of beasts     |       |       |       |       |       |       |       |       |     1 ||     1
    Use: Potion            |     1 |       |     1 |       |    13 |     1 |     4 |       |    21 ||    41
         Scroll            |       |     6 |     6 |     9 |     7 |     9 |    17 |     3 |    11 ||    68
   Stab: Sleeping          |       |       |     4 |     4 |     8 |     4 |     7 |    12 |     3 ||    42
         Distracted        |       |       |       |     4 |     9 |     1 |     2 |     3 |     2 ||    21
         Paralysed         |       |       |       |       |       |     3 |     8 |       |       ||    11
         Invisible         |       |       |       |       |       |       |     1 |       |       ||     1
         Petrified         |       |       |       |       |       |       |     1 |       |       ||     1
 Armour: Robe              |    58 |    77 |   264 |   266 |       |       |       |       |       ||   665
         Troll leather arm |       |       |       |    88 |   593 |   629 |   750 |       |       ||  2060
         Skin              |       |       |       |       |       |       |    36 |  1017 |   922 ||  1975
  Dodge: Dodged            |    44 |    50 |   152 |   167 |   223 |   237 |   227 |   514 |   637 ||  2251
  Block: Other             |       |       |       |    45 |    83 |       |       |       |       ||   128
         Reflection        |       |       |       |     2 |    18 |    11 |   184 |    81 |       ||   296
         Tower shield      |       |       |       |       |   318 |  1152 |  1562 |  2820 |  3067 ||  8919
   Form: Statue            |       |       |       |       |       |       |     2 |       |       ||     2
                           |       |       |       |       |       |       |     1 |       |       ||     1

Table legend: (Time is in decaauts)
 A = Elapsed time spent in this place.
 B = Non-inter-level travel time spent in this place.
 C = Inter-level travel time spent in this place.
 D = Time resting spent in this place.
 E = Time spent auto-exploring this place.
 F = Levels seen in this place.
 G = Mean time per level.
                   A        B        C        D        E       F      G
               +--------+--------+--------+--------+--------+-----+--------+
         Total |  94312 |  84621 |   9691 |  24999 |  39104 |  53 | 1779.5 |
       Dungeon |  21841 |  17386 |   4455 |   1626 |  11159 |  15 | 1456.1 |
          Lair |   6091 |   5487 |    604 |    848 |   3463 |   5 | 1218.2 |
        Shoals |   5796 |   5483 |    313 |   1600 |   2318 |   4 | 1449.0 |
   Spider Nest |   6356 |   5864 |    492 |   2096 |   2250 |   4 | 1589.0 |
  Orcish Mines |   1873 |   1560 |    313 |    160 |    730 |   2 |  936.5 |
   Elven Halls |  11683 |  11256 |    427 |   7461 |   2204 |   3 | 3894.3 |
        Vaults |  14368 |  12790 |   1578 |   2628 |   6776 |   5 | 2873.6 |
         Crypt |   4952 |   4646 |    306 |    315 |   2820 |   3 | 1650.7 |
        Depths |  11406 |  10547 |    859 |   2612 |   5854 |   4 | 2851.5 |
           Zot |   7972 |   7633 |    339 |   4791 |   1242 |   5 | 1594.4 |
       Ossuary |    960 |    960 |      0 |    497 |     29 |   1 |  960.0 |
       Volcano |    317 |    317 |      0 |     56 |     82 |   1 |  317.0 |
      Gauntlet |    693 |    693 |      0 |    306 |    176 |   1 |  693.0 |
               +--------+--------+--------+--------+--------+-----+--------+

Top non-repeatable levels by time:
   Elf:3: 4961 daAuts
Vaults:5: 4759 daAuts
   Zot:5: 4472 daAuts
Depths:3: 4209 daAuts
   Elf:2: 3790 daAuts
Depths:2: 3785 daAuts
   Elf:1: 2931 daAuts
Spider:4: 2881 daAuts
Vaults:2: 2799 daAuts
Vaults:1: 2545 daAuts
    D:11: 2395 daAuts
Vaults:3: 2353 daAuts
Shoals:4: 2271 daAuts
     D:7: 2026 daAuts
   Zot:2: 1989 daAuts

Table legend:
 A = Kills in this place as a percentage of kills in the entire game.
 B = Kills by you in this place as a percentage of kills by you in the entire game.
 C = Kills by friends in this place as a percentage of kills by friends in the entire game.
 D = Other kills in this place as a percentage of other kills in the entire game.
 E = Experience gained in this place as a percentage of experience gained in the entire game.
 F = Experience gained in this place divided by the number of levels of this place that you have seen.
                   A       B       C       D       E      F
               +-------+-------+-------+-------+-------+----------------------
         Total | 100.0 | 100.0 |   N/A | 100.0 | 100.0 | 26142.1
       Dungeon |  18.8 |  18.8 |   N/A |  20.0 |   7.3 | 6730.6
          Lair |   8.0 |   8.0 |   N/A |  10.0 |   4.7 | 13060.6
        Shoals |   8.0 |   8.0 |   N/A |  10.0 |   7.3 | 25226.0
   Spider Nest |   7.2 |   7.2 |   N/A |   0.0 |   5.9 | 20491.5
  Orcish Mines |   6.4 |   6.4 |   N/A |  10.0 |   1.2 | 8245.0
   Elven Halls |   7.0 |   6.8 |   N/A |  40.0 |   8.9 | 41000.7
        Vaults |  17.9 |  17.9 |   N/A |  10.0 |  25.9 | 71829.6
         Crypt |   9.5 |   9.6 |   N/A |   0.0 |  11.9 | 55130.0
        Depths |  10.0 |  10.0 |   N/A |   0.0 |  14.3 | 49659.8
           Zot |   5.0 |   5.0 |   N/A |   0.0 |  11.7 | 32536.0
       Ossuary |   1.3 |   1.3 |   N/A |   0.0 |   0.1 | 1134.0
       Volcano |   0.7 |   0.7 |   N/A |   0.0 |   0.4 | 5508.0
      Gauntlet |   0.3 |   0.3 |   N/A |   0.0 |   0.3 | 4406.0
               +-------+-------+-------+-------+-------+----------------------
